 Dungeon Crawl Stone Soup version 0.21-a0-26-g7b23a2f (webtiles) character file.

1315 Alarkh the Carver (level 8, -7/58 HPs)
             Began as a Demonspawn Fighter on May 25, 2017.
             Mangled by a two-headed ogre
             ... wielding a +0 giant spiked club
              (13 damage)
             ... on level 5 of the Dungeon.
             The game lasted 00:06:56 (5438 turns).

Alarkh the Carver (Demonspawn Fighter)              Turns: 5438, Time: 00:06:57

Health: -7/58      AC:  9    Str: 18    XL:     8   Next: 33%
Magic:  0/8        EV: 10    Int: 11    God:
Gold:   218        SH:  8    Dex: 12    Spells: 7/7 levels left

rFire    . . .     SeeInvis +   a - +0 long sword
rCold    . . .     Gourm    .   c - +0 shield
rNeg     . . .     Faith    .   b - +0 scale mail
rPois    .         Spirit   +   (no helmet)
rElec    .         Reflect  .   C - +2 cloak
rCorr    +         Harm     .   (no gloves)
MR       .....                  (no boots)
Stlth    +.........             (no amulet)
Regen    0.2/turn               r - ring of see invisible
MPRegen  0.3/turn               s - ring of resist corrosion

@: hasted, very quick
A: claws 2, repulsion field 2, nightstalker 1, magic shield, magic regeneration
a: no special abilities


You were on level 5 of the Dungeon.
You were not hungry.

You visited 1 branch of the dungeon, and saw 5 of its levels.
You also visited: Ossuary.

You collected 218 gold pieces.

Inventory:

Hand Weapons
 a - a +0 long sword (weapon)
Armour
 b - a +0 scale mail (worn)
 c - a +0 shield (worn)
 C - a +2 cloak (worn)
Jewellery
 r - a ring of see invisible (left claw)
 s - a ring of resist corrosion (right claw)
Wands
 d - a wand of scattershot (4/9)
 v - a wand of paralysis (0/24)
 w - a wand of iceblast (10/15)
Scrolls
 e - a scroll of identify
 h - 5 scrolls of enchant armour
 l - 3 scrolls of teleportation
 m - a scroll of fear
 n - 2 scrolls of magic mapping {unknown}
 o - a scroll of recharging
 q - a scroll of random uselessness
 y - a scroll of amnesia
Potions
 g - a potion of haste
 k - a potion of mutation
 t - a potion of resistance
 u - 2 potions of curing
 x - a potion of flight
 z - a potion of ambrosia
 A - a potion of heal wounds
 D - 2 potions of brilliance
Comestibles
 f - 6 bread rations
 i - a royal jelly
 j - 2 fruits


   Skills:
 - Level 3.0 Fighting
 + Level 9.5 Long Blades
 - Level 2.6 Armour
 - Level 2.6 Shields


You had 7 spell levels left.
You didn't know any spells.

Dungeon Overview and Level Annotations

Branches:
Dungeon (5/15)
 Temple: D:4-7

Altars:
Fedhas
Makhleb
Nemelex Xobeh
Qazlal
Trog
Vehumet
Wu Jian


Innate Abilities, Weirdness & Mutations

You have very sharp fingernails.
You are surrounded by a moderate repulsion field. (EV +3)
You are slightly more attuned to the shadows.
When hurt, damage is shared between your health and your magic reserves.
You regenerate magic rapidly.


Message History

You block the two-headed ogre's attack.
The two-headed ogre hits you with a dire flail.
You are too injured to fight recklessly!
You are too injured to fight recklessly!
You slash the two-headed ogre!
The two-headed ogre is almost dead.
You barely miss the two-headed ogre.
The two-headed ogre is almost dead.
You block the two-headed ogre's attack. x2
You hit the two-headed ogre.
The two-headed ogre is almost dead.
You hit the two-headed ogre.
The two-headed ogre is almost dead.
The two-headed ogre hits you with a giant spiked club!!
* * * LOW HITPOINT WARNING * * *
The two-headed ogre hits you but does no damage.
You barely miss the two-headed ogre.
The two-headed ogre is almost dead.
The two-headed ogre hits you with a giant spiked club!
You die...

##############
#............#
#########.##########.#
#...O@....# #....
#.######### #....
####. #. #. #. ### #.
##8## #. #...# #.


You could see a two-headed ogre.

Vanquished Creatures
  Sigmund (D:3)
  2 wraiths (Ossuary)
  The ghost of Wiebster667 the Chiller, an amateur MfIE (D:3)
  A centaur (D:5)
  A scorpion (D:5)
  2 wights (Ossuary)
  2 crimson imps
  A centaur zombie (Ossuary)
  A quasit (D:3)
  3 hounds
  A centaur skeleton (D:5)
  An orc wizard (D:3)
  Jessica (D:3)
  Terence (D:2)
  A killer bee zombie (D:5)
  A hound skeleton (D:4)
  A howler monkey skeleton (D:5)
  6 adders
  An ooze (D:3)
  3 worms (D:3)
  3 leopard geckos
  3 orcs (D:3)
  2 ball pythons
  9 giant cockroaches
  10 goblins
  4 hobgoblins
  10 jackals
  6 kobolds
  A ball python skeleton (Ossuary)
  6 bats
  3 frilled lizards
  A hobgoblin skeleton (Ossuary)
  2 hobgoblin zombies (Ossuary)
  A kobold zombie (Ossuary)
  2 orc skeletons (Ossuary)
  An orc zombie (Ossuary)
  11 rats
107 creatures vanquished.

Notes
Turn   | Place    | Note
-------+----------+-------------------------------------------
     0 | D:1      | Alarkh the Demonspawn Fighter began the quest for the Orb.
     0 | D:1      | Reached XP level 1. HP: 18/18 MP: 1/1
    21 | D:1      | Reached skill level 2 in Long Blades
   112 | D:1      | Gained mutation: You are surrounded by a mild repulsion field. (EV +2) [demonic ancestry]
   112 | D:1      | Reached XP level 2. HP: 15/24 MP: 2/2
   692 | D:2      | Reached skill level 3 in Long Blades
   737 | D:2      | Found a sparkling altar of Nemelex Xobeh.
   738 | D:2      | Found a bloodstained altar of Trog.
   852 | D:2      | Gained mutation: When hurt, damage is shared between your health and your magic reserves. [demonic ancestry]
   852 | D:2      | Reached XP level 3. HP: 13/29 MP: 3/3
  1106 | D:2      | Found a blossoming altar of Fedhas.
  1571 | D:2      | Noticed Terence
  1586 | D:2      | Killed Terence
  1586 | D:2      | Reached skill level 4 in Long Blades
  1586 | D:2      | Gained mutation: You are slightly more attuned to the shadows. [demonic ancestry]
  1586 | D:2      | Reached XP level 4. HP: 21/35 MP: 1/4
  1780 | D:2      | Found a burning altar of Makhleb.
  1898 | D:2      | Found a radiant altar of Vehumet.
  1989 | D:3      | Noticed Sigmund
  2000 | D:3      | Killed Sigmund
  2000 | D:3      | Reached skill level 5 in Long Blades
  2000 | D:3      | Gained mutation: You regenerate magic rapidly. [demonic ancestry]
  2000 | D:3      | Reached XP level 5. HP: 28/41 MP: 3/5
  2000 | D:3      | Gained mutation: You have sharp fingernails. [demonic ancestry]
  2000 | D:3      | Reached XP level 6. HP: 33/47 MP: 3/6
  2102 | D:3      | Noticed Wiebster667's ghost (amateur MfIE)
  2111 | D:3      | Reached skill level 6 in Long Blades
  2320 | D:3      | Killed Wiebster667's ghost
  2820 | D:3      | Found an ornate altar of the Wu Jian Council.
  2924 | D:3      | Reached skill level 7 in Long Blades
  2924 | D:3      | Gained mutation: You are surrounded by a moderate repulsion field. (EV +3) [demonic ancestry]
  2924 | D:3      | Reached XP level 7. HP: 12/52 MP: 5/7
  3519 | D:3      | Noticed Jessica
  3523 | D:3      | Killed Jessica
  3681 | D:4      | Found a stormy altar of Qazlal.
  4191 | D:5      | Entered Level 5 of the Dungeon
  4506 | D:5      | Reached skill level 8 in Long Blades
  4794 | D:5      | Found a sand-covered staircase.
  4802 | Ossuary  | Entered an ossuary
  4939 | Ossuary  | Noticed a wraith
  4939 | Ossuary  | Noticed a flying skull
  4946 | Ossuary  | Noticed a flying skull
  4950 | Ossuary  | Noticed a flying skull
  4951 | Ossuary  | Noticed a flying skull
  4969 | Ossuary  | Noticed a flying skull
  5006 | Ossuary  | Noticed a wraith
  5025 | Ossuary  | Killed a wraith
  5025 | Ossuary  | Gained mutation: You have very sharp fingernails. [demonic ancestry]
  5025 | Ossuary  | Reached XP level 8. HP: 52/58 MP: 8/8
  5055 | Ossuary  | Reached skill level 9 in Long Blades
  5421 | D:5      | Noticed a two-headed ogre
  5438 | D:5      | Mangled by a two-headed ogre

Vault maps used:
D:1:      tarquinn_simple_flora_water_e
D:2:      fedhas_altar_fruit_tree, fiery_altar_vehumet,
          chequers_temple_overflow_statue_of_worship,
          makhleb_blood_cavern_becter, uniq_terence
D:3:      lemuel_doored_altar, first_bread, uniq_jessica, uniq_sigmund
D:4:      nicolae_qazlal_general_emergency
D:5:      evilmike_ruin_ashenzari, chequers_ossuary_entry_cave
Ossuary:  ossuary_due_cavern

Skill      XL: |  1  2  3  4  5  6  7  8 |
---------------+-------------------------+-----
Long Blades    | 2 3 4 5 7 8 9 |  9.5
Fighting       | |  3.0
Armour         | |  2.6
Shields        | |  2.6

Action                   |  1- 3 |  4- 6 |  7- 9 || total
-------------------------+-------+-------+-------++-------
Melee: Long sword        |   132 |   143 |   220 ||   495
Evoke: Wand              |       |       |    14 ||    14
  Use: Scroll            |     6 |     3 |     7 ||    16
       Potion            |       |     1 |     3 ||     4
 Stab: Paralysed         |       |       |    11 ||    11
  Eat: Chunk             |     2 |     5 |     4 ||    11
       Meat ration       |       |       |     1 ||     1
Armor: Scale mail        |    53 |    75 |    74 ||   202
Dodge: Dodged            |    40 |    68 |    75 ||   183
Block: Shield            |    60 |    72 |   101 ||   233
       Rpst.: Long sword |    13 |    14 |    24 ||    51
